 Dungeon Crawl Stone Soup version 0.27-a0-1189-gb8eb6cee8e (webtiles) character file.

Game seed: 13170899557677662389

229 roflturtle the Conjurer (level 6, 0/30 (32) HPs)
             Began as a Tengu Air Elementalist on May 22, 2021.
             Was an Initiate of Vehumet.
             Slain by a wight
             ... wielding a +0 hand axe
              (5 damage)
             ... on level 3 of the Dungeon.
             The game lasted 00:14:52 (3409 turns).

roflturtle the Conjurer (Tengu Air Elementalist)    Turns: 3409, Time: 00:14:52

HP:   0/30 (32)     AC:  2    Str:  8    XL:     6   Next: 3%
MP:   1/11          EV: 15    Int: 18    God:    Vehumet [......]
Gold: 99            SH:  0    Dex: 14    Spells: 8/11 levels left

rFire    . . .     SeeInvis .   q - +2 falchion
rCold    . . .     Faith    .   (no shield)
rNeg     . . .     Spirit   .   a - +0 robe
rPois    .         Reflect  .   (helmet restricted)
rElec    .         Harm     .   (no cloak)
rCorr    .         Rampage  .   (no gloves)
Will     .....                  (boots unavailable)
Stlth    ++........             (no amulet)
HPRegen  0.10/turn              (no ring)
MPRegen  0.12/turn              (no ring)

@: flying quickly and evasively, drained, quick
A: beak, talons 3, nimble flight
a: Renounce Religion


You were on level 3 of the Dungeon.
You worshipped Vehumet.
Vehumet was noncommittal.
You visited 1 branch of the dungeon, and saw 3 of its levels.

You collected 99 gold pieces.

Inventory:

Hand Weapons
 g - a +0 short sword
 q - a +2 falchion (weapon)
Armour
 a - a +0 robe (worn)
 b - a +0 pair of gloves
 f - a +0 pair of gloves
Jewellery
 e - a +4 ring of protection
Scrolls
 c - a scroll of enchant armour {unknown}
 d - a scroll of noise {unknown}
 j - a scroll of identify {unknown}
 l - 2 scrolls of blinking {unknown}
 m - a scroll of amnesia {unknown}
 n - a scroll of torment {unknown}
 o - a scroll of teleportation {unknown}
 p - a scroll of fog {unknown}
Potions
 h - 2 potions of might {unknown}
 i - a potion of haste {unknown}
 k - 2 potions of curing {unknown}


   Skills:
 - Level 3.1 Dodging
 - Level 2.0 Stealth
 - Level 3.1 Spellcasting
 - Level 5.4 Conjurations
 + Level 5.0 Air Magic


You had 8 spell levels left.
You knew the following spells:

 Your Spells              Type           Power      Damage    Failure   Level
a - Shock                 Conj/Air       84%        1d8       1%          1
b - Static Discharge      Conj/Air       21%        N/A       3%          2

Your spell library contained the following spells:

 Spells                   Type           Power      Damage    Failure   Level
 Swiftness                Air            20%        N/A       6%          3
 Sting                    Tmut/Pois      8%         1d3       16%         1
 Airstrike                Air            10%        N/A       21%         4
 Confusing Touch          Hex            2%         N/A       43%         3
 Gell's Gravitas          Tloc           1%         N/A       43%         3
 Lightning Bolt           Conj/Air       10%        1d23      47%         5
 Petrify                  Tmut/Erth      2%         N/A       85%         4
 Metabolic Englaciation   Hex/Ice        1%         N/A       99%         5
 Yara's Violent Unravell  Hex/Tmut       1%         3d3       99%         5


Dungeon Overview and Level Annotations

Branches:
Dungeon (3/15)

Altars:
Sif Muna
Trog
Vehumet


Innate Abilities, Weirdness & Mutations

You have a beak for a mouth.
You have claws for feet.
Your magical nature lets you fly swiftly and evasively.


Message History

Vehumet accepts your kill. The wight hits you with a +0 hand axe!
You feel drained.
Casting: Shock (safe; 1% risk of failure)
Confirm with . or Enter, or press ? or * to list all spells.
Aiming: Shock (safe; 1% risk of failure)
Press: ? - help, Shift-Dir - straight line The zap hits the wight but does no damage.
The wight is lightly damaged.
The zap hits the wight.
The wight is moderately damaged.
The wight hits you with a +0 hand axe.
* * * LOW HITPOINT WARNING * * *
You feel drained.
* * * LOW HITPOINT WARNING * * *
Casting: Shock (safe; 1% risk of failure)
Confirm with . or Enter, or press ? or * to list all spells.
Aiming: Shock (safe; 1% risk of failure)
Press: ? - help, Shift-Dir - straight line, f - wight
Aim: a wight, wielding a +0 hand axe and wearing a +0 robe (moderately damaged, 74% to hit)
The zap hits the wight but does no damage.
The wight is moderately damaged.
You barely miss the wight. You peck the wight, but do no damage.
The wight is moderately damaged.
The wight misses you.
You riposte.
You hit the wight but do no damage.
The wight is moderately damaged.
The wight barely misses you.
You barely miss the wight. You claw the wight, but do no damage.
You peck the wight, but do no damage.
The wight is moderately damaged.
The wight barely misses you.
You riposte.
You hit the wight. Your kick misses the wight.
The wight is severely damaged.
You closely miss the wight. You peck the wight, but do no damage.
The wight is severely damaged.
The wight closely misses you.
You riposte.
You hit the wight.
The wight is almost destroyed.
You barely miss the wight.
The wight is almost destroyed.
The wight hits you with a +0 hand axe.
You die...

.......#.#.# ### .........#.# ..#
####.....#.# #.# ##..#.....#.#
#.# ##.._###.###.# #.#
##....##..# #.# #.###...###...#
#.# #.##...###....# #.# ####
#.#..@#[#...### #.#### ...#
#...z###...## #..... ...#
#...###...#### ###### ...#
#..##....##..# ...##
#.###_..##...#########
....#.....†))..#..##....†........
....##..####.########'###########
.)..# #.##.##......# Y†<.#
#.##..'......#


You could see a wight.

Vanquished Creatures
  2 wights (D:3)
  4 adders
  A gnoll (D:3)
  A white imp (D:3)
  2 worms (D:2)
  A dart slug (D:1)
  5 orcs (D:3)
  2 endoplasms
  6 giant cockroaches
  7 goblins
  6 hobgoblins
  8 jackals
  6 kobolds
  A quokka (D:1)
  9 ball pythons
  10 bats
  3 frilled lizards
  3 rats
77 creatures vanquished.

Vanquished Creatures (others)
  5 fungi (D:1)
  A plant (D:1)
6 creatures vanquished.

Grand Total: 83 creatures vanquished

Notes
Turn   | Place    | Note
-------+----------+-------------------------------------------
     0 | D:1      | roflturtle the Tengu Air Elementalist began the quest for
                  | the Orb.
     0 | D:1      | Reached XP level 1. HP: 10/10 MP: 4/4
   167 | D:1      | Reached XP level 2. HP: 9/15 MP: 6/6
   351 | D:1      | Found a faded altar of an unknown god.
   362 | D:1      | Learned a level 2 spell: Static Discharge
   827 | D:1      | Reached XP level 3. HP: 19/19 MP: 5/7
  1813 | D:2      | Found a radiant altar of Vehumet.
  1855 | D:2      | Became a worshipper of Vehumet
  1919 | D:2      | Reached skill level 5 in Air Magic
  1919 | D:2      | Reached XP level 4. HP: 24/24 MP: 1/8
  2676 | D:3      | Noticed an ice beast
  2862 | D:3      | Gained mutation: Your magical nature lets you fly swiftly
                  | and evasively. [Tengu growth]
  2862 | D:3      | Reached XP level 5. HP: 28/28 MP: 1/10
  3053 | D:3      | Found a shimmering blue altar of Sif Muna.
  3063 | D:3      | HP: 1/28 [/static electricity (2)]
  3357 | D:3      | Identified Sif Muna's Volume of Crystal
  3379 | D:3      | Found a bloodstained altar of Trog.
  3396 | D:3      | Reached skill level 5 in Conjurations
  3398 | D:3      | Reached XP level 6. HP: 29/32 MP: 3/11
  3409 | D:3      | Slain by a wight

Illustrated notes

Levels and vault maps discovered:
D:1:      dpeg_arrival_pits, layout_loops_ring,
          shapermc_ecumenical_altar_mp_ritualfount
D:2:      layout_loops_ring, basic_altar, corexii_item_surrounded_by_moat,
          kennysheep_potato
D:3:      layout_basic, nzn_overflow_gifts_of_might_and_magic

Skill      XL: |  1  2  3  4  5 |
---------------+----------------+-----
Conjurations   | 2 3 4 5 |  5.4
Air Magic      | 5 |  5.0
Spellcasting   | 3 |  3.1
Dodging        | 3 |  3.1
Stealth        | |  2.0

Action                   |  1- 3 |  4- 6 || total
-------------------------+-------+-------++-------
Melee: Unarmed           |    28 |       ||    28
       Peck              |     5 |     8 ||    13
       Kick              |     5 |     4 ||     9
       Short sword       |     2 |    25 ||    27
       Falchion          |       |     4 ||     4
 Cast: Shock             |    88 |    43 ||   131
       Static Discharge  |       |     5 ||     5
 Stab: Sleeping          |       |     6 ||     6
Armor: Robe              |    13 |     6 ||    19
Dodge: Dodged            |    47 |    15 ||    62
       Rpst.: Falchion   |       |     5 ||     5

Table legend: (Time is in decaauts)
 A = Elapsed time spent in this place.
 B = Non-inter-level travel time spent in this place.
 C = Inter-level travel time spent in this place.
 D = Time resting spent in this place.
 E = Time spent auto-exploring this place.
 F = Levels seen in this place.
 G = Mean time per level.
                   A        B        C        D        E       F      G
               +--------+--------+--------+--------+--------+-----+--------+
         Total |   3403 |   3353 |     50 |    621 |   2220 |   3 | 1134.3 |
       Dungeon |   3403 |   3353 |     50 |    621 |   2220 |   3 | 1134.3 |
               +--------+--------+--------+--------+--------+-----+--------+

Top non-repeatable levels by time:
     D:1: 1401 daAuts
     D:2: 1277 daAuts
     D:3: 724 daAuts
